 Dungeon Crawl Stone Soup version 0.23.2-1-ga50397a (webtiles) character file.

Game seed: 10843438260861187959

175 zhorgal the Insei (level 5, -7/28 HPs)
             Began as a Vine Stalker Monk on May 20, 2019.
             Splashed by a kobold's acid (16 damage)
             ... on level 3 of the Dungeon.
             The game lasted 00:07:01 (1595 turns).

zhorgal the Insei (Vine Stalker Monk)               Turns: 1595, Time: 00:07:02

Health: -7/28      AC:  9    Str: 14    XL:     5   Next: 55%
Magic:  0/6        EV:  6    Int: 10    God:
Gold:   79         SH:  0    Dex: 17    Spells: 4/4 levels left

rFire    + . .     SeeInvis .     - Unarmed
rCold    . . .     Gourm    .   (no shield)
rNeg     . . .     Faith    .   m - +0 chain mail
rPois    .         Spirit   +   h - +0 helmet
rElec    .         Reflect  .   (no cloak)
rCorr    .         Harm     .   (no gloves)
MR       .....                  (no boots)
Stlth    ..........             (no amulet)
HPRegen  0.49/turn              (no ring)
MPRegen  0.10/turn              A - ring of protection from fire

@: heavily drained
A: fangs 2, regeneration 1, magic shield, antimagic bite, no potion heal 3, rot
immunity
a: no special abilities


You were on level 3 of the Dungeon.
You were not hungry.

You visited 1 branch of the dungeon, and saw 3 of its levels.

You collected 79 gold pieces.

Inventory:

Hand Weapons
 t - a +1 hunting sling
 y - a +2 dagger of draining
Missiles
 e - 21 poisoned needles
 p - 45 stones (quivered)
 s - 4 curare-tipped needles
 B - 21 arrows
Armour
 a - a +0 robe
 h - a +0 helmet (worn)
 i - a +0 scale mail
 m - a +0 chain mail (worn)
 z - a +0 helmet
Jewellery
 l - an uncursed ring of fire
 A - a ring of protection from fire (right hand)
Scrolls
 f - a scroll of amnesia
 q - 3 scrolls of remove curse
Potions
 d - a potion of flight {unknown}
 g - a potion of magic {unknown}
 n - a potion of mutation {unknown}
 o - 2 potions of curing
 u - a potion of degeneration {unknown}
Comestibles
 b - 4 rations
 c - 5 chunks of flesh


   Skills:
 + Level 3.5(1.5) Fighting
 + Level 1.8(0.0) Armour
 - Level 2.4(0.4) Dodging
 - Level 2.4(0.4) Stealth
 + Level 4.7(2.6) Unarmed Combat


You had 4 spell levels left.
You didn't know any spells.
Your spell library was empty.

Dungeon Overview and Level Annotations

Branches:
Dungeon (3/15)

Altars:


Innate Abilities, Weirdness & Mutations

You have extremely sharp teeth.
Your natural rate of healing is unusually fast.
When hurt, damage is shared between your health and your magic reserves.
Your bite disrupts and absorbs the magic of your enemies.
Potions cannot restore your health.
You are immune to rotting.


Message History

You kill the leopard gecko!
The kobold zaps a wand.
The bolt of acid hits you.
You are splashed with acid!
You take 12 damage, and have 15/28 hp.
MASSIVE DAMAGE!!
You now have 2/6 mp.
A bat comes into view.
The kobold throws a stone.
The stone hits you.
Things that are here:
a stone; a leopard gecko corpse You take 1 damage, and have 14/28 hp.
You are too injured to fight recklessly!
You are too injured to fight recklessly!
The bat hits you but does no damage. The bat hits you but does no damage. x2
The bat barely misses you.
You closely miss the bat. The bat hits you but does no damage.
The kobold zaps a wand.
The bolt of acid hits the bat!
The bat is splashed with acid.
The acid corrodes the bat!
The bat dies!
The bolt of acid hits you!
You are splashed with acid!
Ouch! That really hurt!
You die...

****,,,*>..###.,+,,,8#.........##
,,,,,,,#...,...,**,_##...........
****##.....###.###*,#..........##
####.....#.......####...#...?.##
..<).#**,..##....(....#.##...##
###### **...........#.#.###.##
******##.#..#K####.#.# #.#
**,,,***,#..,#.# #.#.# #.#
***,,_,,*,*##,,#@# *#.#.# #.#
,,,,,,,,,** **,#.#**....# #.#
*****,***,***,,#..,,....# #.# *,*
**,*,,,....*...## #.# *,*
**,*,*###.##.##**#.#
*,*****,*,****..,,,,,,,,*
*,,,,,,,*,,,,>...,*******
***************###*


You could see a kobold.

Vanquished Creatures
  Jessica (D:1)
  Natasha (thrice) (D:2)
  An adder (D:2)
  A worm (D:1)
  4 dart slugs
  2 leopard geckos
  11 goblins
  9 hobgoblins
  3 jackals (D:1)
  3 kobolds
  A quokka (D:2)
  A ball python (D:2)
  6 bats
  3 frilled lizards
  4 rats
53 creatures vanquished.

Vanquished Creatures (others)
  A bat (D:3)
1 creature vanquished.

Grand Total: 54 creatures vanquished

Notes
Turn   | Place    | Note
-------+----------+-------------------------------------------
     0 | D:1      | zhorgal the Vine Stalker Monk began the quest for the Orb.
     0 | D:1      | Reached XP level 1. HP: 11/11 MP: 2/2
   176 | D:1      | Reached XP level 2. HP: 10/16 MP: 0/3
   427 | D:1      | Reached skill level 4 in Unarmed Combat
   459 | D:1      | Reached XP level 3. HP: 13/19 MP: 4/4
   898 | D:2      | Noticed Natasha
   908 | D:2      | Killed Natasha
   908 | D:2      | Reached skill level 1 in Armour
   908 | D:2      | Gained mutation: Your natural rate of healing is unusually
                  | fast. [Vine Stalker growth]
   908 | D:2      | Reached XP level 4. HP: 14/24 MP: 3/5
   935 | D:2      | Noticed Natasha
   948 | D:2      | Killed Natasha
   981 | D:2      | Noticed Natasha
   990 | D:2      | Killed Natasha
  1082 | D:2      | Reached XP level 5. HP: 28/28 MP: 6/6
  1120 | D:2      | Noticed Jessica
  1155 | D:1      | Killed Jessica
  1595 | D:3      | Splashed by a kobold's acid

Skill      XL: |  1  2  3 |
---------------+----------+-----
Unarmed Combat | 4 |  4.7
Fighting       | 3 |  3.5
Armour         | 1 |  1.8
Dodging        | |  2.4
Stealth        | |  2.4

Action                   |  1- 3 |  4- 6 || total
-------------------------+-------+-------++-------
Melee: Unarmed           |    67 |   107 ||   174
       Bite              |    24 |    32 ||    56
       Punch             |     1 |       ||     1
  Use: Scroll            |       |     9 ||     9
 Stab: Sleeping          |     2 |       ||     2
  Eat: Chunk             |       |     2 ||     2
Armor: Robe              |     2 |       ||     2
       Chain mail        |    21 |    61 ||    82
Dodge: Dodged            |    32 |    45 ||    77
